[Event "Limburg Open 2022 - Match"]
[Site "Maastricht"]
[Date "2022.06.07"]
[Round "4"]
[White "Shirov, Alexei"]
[Black "Van Foreest, Jorden"]
[Result "1/2-1/2"]
[ECO "C67"]
[WhiteElo "2681"]
[BlackElo "2702"]
[PlyCount "50"]
[EventDate "2022.06.03"]
[EventType "match"]
[EventRounds "4"]
[EventCountry "NED"]
[SourceTitle "Limburg Open"]
[Source "Limburg Open"]
[SourceDate "2022.06.06"]
[SourceVersion "7"]
[SourceVersionDate "2022.06.06"]
[SourceQuality "1"]
[TimeControl "7200+15"]

1. e4 e5 2. Nf3 Nc6 3. Bb5 Nf6 4. O-O Nxe4 5. d4 Nd6 6.
Bxc6 dxc6 7. dxe5 Nf5 8. Qxd8+ Kxd8 9. h3 Ke8 10. Nc3 h5 11.
Bf4 Be7 12. Rad1 Nh4 13. Nd4 Ng6 14. Bh2 Nf8 15. f4 Ne6 16.
Nce2 Nxd4 17. Nxd4 g6 18. f5 Bxf5 19. Nxf5 gxf5 20. Rxf5 Rd8 21. Rxd8+ Bxd8 22. Kf2 Ke7 23. Rf6 Ke8 24. Rf5 Ke7 25. Rf6 Ke8 1/2-1/2